 Dungeon Crawl Stone Soup version 0.28.0-43-g3370ac3207 (webtiles) character file.

Game seed: 3321586840586822090

156 mcbry74 the Insei (level 5, -1/37 HPs)
             Began as a Merfolk Transmuter on Mar 11, 2022.
             Slain by Eustachio
             ... wielding a +3 vorpal falchion
              (9 damage)
             ... on level 4 of the Dungeon.
             The game lasted 00:13:13 (4152 turns).

mcbry74 the Insei (Merfolk Transmuter)              Turns: 4152, Time: 00:13:16

Health: -1/37      AC:  3    Str: 10    XL:     5   Next: 37%
Magic:  8/8        EV: 17    Int: 13    God:
Gold:   61         SH:  0    Dex: 16    Spells: 7/8 levels left

rFire   . . .      SeeInvis .     - Unarmed
rCold   . . .      Faith    .   (no shield)
rNeg    . . .      Spirit   .   a - +0 robe
rPois   .          Reflect  .   (no helmet)
rElec   .          Harm     .   f - +0 cloak
rCorr   .          Rampage  .   (no gloves)
Will    .....                   (no boots)
Stlth   +.........              (no amulet)
HPRegen 0.12/turn               m - +4 ring of evasion
MPRegen 0.11/turn               (no ring)

@: no status effects
A: (nimble swimmer 2), mertail
a: no special abilities


You were on level 4 of the Dungeon.
You visited 1 branch of the dungeon, and saw 4 of its levels.

You collected 149 gold pieces.
You spent 88 gold pieces at shops.

Inventory:

Missiles
 g - 115 stones (quivered)
Armour
 a - a +0 robe (worn)
 f - a +0 cloak (worn)
 q - a +0 chain mail of willpower
Jewellery
 m - a +4 ring of evasion (left hand)
Scrolls
 b - 2 scrolls of teleportation
 c - 2 scrolls of immolation
 e - a scroll of acquirement {unknown}
 h - a scroll of vulnerability {unknown}
 j - a scroll of torment
Potions
 d - 2 potions of heal wounds
 i - a potion of ambrosia {unknown}
 l - a potion of mutation {unknown}
 n - 4 potions of curing
 o - a potion of lignification {unknown}
 p - a potion of invisibility {unknown}


   Skills:
 - Level 1.4 Fighting
 + Level 2.1 Throwing
 - Level 3.0 Dodging
 * Level 5.4 Unarmed Combat
 - Level 2.1 Spellcasting
 - Level 3.0 Transmutations


You had 7 spell levels left.
You knew the following spells:

 Your Spells              Type           Power      Damage    Failure   Level
a - Beastly Appendage     Tmut           18%        N/A       8%          1

Your spell library contained the following spells:

 Spells                   Type           Power      Damage    Failure   Level
 Wereblood                Tmut           9%         N/A       11%         2
 Spider Form              Tmut/Pois      5%         N/A       38%         3
 Ignite Poison            Fire/Tmut/Pois 4%         N/A       45%         3
 Mephitic Cloud           Conj/Pois/Air  1%         N/A       58%         3
 Ice Form                 Ice/Tmut       5%         N/A       80%         4
 Freezing Cloud           Conj/Ice/Air   0%         6-21      100%        5


Dungeon Overview and Level Annotations

Branches:
Dungeon (4/15)
 Temple: D:4-7

Altars:

Shops:
D:3 !

Annotations:
D:3 3 runed translucent doors, WLBjork's ghost, amateur FoAM
D:4 Eustachio


Innate Abilities, Weirdness & Mutations

((You are very nimble when in or above water. (Stealth+, EV+, Speed+++)))
Your lower body shifts to a powerful aquatic tail in water.


Message History

Eustachio is lightly wounded.
Eustachio mumbles some strange words.
Eustachio blinks!
Eustachio gestures wildly while chanting.
The bat misses you. Eustachio misses you.
You miss Eustachio.
Eustachio is lightly wounded.
The bat misses you.
Eustachio casts a spell.
You miss Eustachio. Your headbutt misses Eustachio.
Eustachio is lightly wounded.
The bat completely misses you.
Eustachio casts a spell.
Eustachio blinks!
The bat hits you but does no damage. x2
The bat closely misses you.
Eustachio hits you with a +3 vorpal falchion.
You hit Eustachio.
Eustachio is moderately wounded.
The bat barely misses you.
The iron imp summons a swarm of flies.
You hit Eustachio.
Eustachio is moderately wounded.
Your horns disappear.
Eustachio barely misses you. The crimson imp barely misses you.
You barely miss Eustachio.
Eustachio is moderately wounded.
Eustachio hits you with a +3 vorpal falchion!
The shadow imp hits you.
The crimson imp blinks!
You hit Eustachio but do no damage.
Eustachio is moderately wounded.
The shadow imp completely misses you. Eustachio completely misses you.
The crimson imp completely misses you.
You hit Eustachio but do no damage. You punch Eustachio.
Eustachio is heavily wounded.
The shadow imp gestures at you. Pain shoots through your body!
* * * LOW HITPOINT WARNING * * *
Eustachio hits you with a +3 vorpal falchion!
You die...

#.....#
#.....#
#.....#######
#.....#.....#
#.....#.....#
#.....#<....#
#..b..#'##..#
###55....# #
#@.....#
#@5....#
#......#
+......#
######......#
.........####
.......(.#
......(..#
.........#


You could see Eustachio, an iron imp (summoned), a crimson imp (summoned), a
shadow imp (summoned) and a bat (summoned).

Vanquished Creatures
  An orc priest (D:3)
  6 adders
  2 worms
  A dart slug (D:1)
  6 orcs (D:3)
  4 ball pythons
  5 endoplasms
  4 giant cockroaches
  8 goblins
  3 hobgoblins
  4 quokkas
  4 bats
  4 kobolds
  4 rats
56 creatures vanquished.

Notes
Turn   | Place    | Note
-------+----------+-------------------------------------------
     0 | D:1      | mcbry74 the Merfolk Transmuter began the quest for the Orb.
     0 | D:1      | Reached XP level 1. HP: 15/15 MP: 3/3
   348 | D:1      | Found a faded altar of an unknown god.
   365 | D:1      | Reached XP level 2. HP: 15/21 MP: 5/5
  1034 | D:1      | Reached XP level 3. HP: 12/26 MP: 6/6
  1579 | D:2      | Reached skill level 4 in Unarmed Combat
  2259 | D:2      | Reached skill level 1 in Throwing
  2413 | D:2      | Reached XP level 4. HP: 30/32 MP: 7/7
  3292 | D:3      | Reached skill level 5 in Unarmed Combat
  3581 | D:3      | Reached XP level 5. HP: 37/37 MP: 6/8
  3982 | D:3      | Found Fuah's Distillery.
  3991 | D:3      | Bought a potion of curing for 33 gold pieces
  3991 | D:3      | Bought a potion of heal wounds for 55 gold pieces
  4010 | D:3      | Found a runed translucent gate.
  4011 | D:3      | Found a runed translucent gate.
  4012 | D:3      | Found a runed translucent gate.
  4017 | D:3      | Noticed WLBjork's ghost (amateur FoAM)
  4130 | D:4      | Noticed Eustachio
  4152 | D:4      | Slain by Eustachio

Illustrated notes

Levels and vault maps discovered:
D:1:      elethiomel_arrival_quiet, layout_loops_ring,
          hellmonk_ecumenical_altar_pennies_from_heaven, st_stairs_5
D:2:      minmay_wonky_spiral, layout_rooms, minmay_pentomino_p4
D:3:      layout_rooms, gammafunk_ghost_split, serial_shops, shop, fountainhead
D:4:      layout_gridville, mainiacjoe_overflow_paths, uniq_eustachio

Skill      XL: |  1  2  3  4  5 |
---------------+----------------+-----
Dodging        | 3 |  3.0
Transmutations | 3 |  3.0
Unarmed Combat | 4 5 |  5.4
Throwing       | 1 2 |  2.1
Fighting       | |  1.4
Spellcasting   | |  2.1

Action                   |  1- 3 |  4- 6 || total
-------------------------+-------+-------++-------
Melee: Unarmed           |   121 |    85 ||   206
       Headbutt          |    12 |    12 ||    24
       Punch             |     3 |     5 ||     8
Throw: Stone             |    11 |    32 ||    43
 Cast: Beastly Appendage |     9 |    11 ||    20
  Use: Scroll            |       |     3 ||     3
 Stab: Sleeping          |     1 |       ||     1
Armor: Robe              |    21 |     7 ||    28
Dodge: Dodged            |    87 |    64 ||   151
